TOP OF THE 1ST |
University of Nebraska Cornhuskers batting - Pitching for Oregon State University Beavers : RHP Takao Yamada
|
Pitching: RHP Takao Yamada
|
|
Batting: SHB Gary Luckwell
|
0-0: Swinging Strike 0-1: Foul Ball, location: 7LDF 0-2: Ball 1-2: Foul Ball, location: 7LMF 1-2: Strikes out swinging
|
Batting: RHB Carlos Salazar
|
0-0: Foul Ball, location: 9LDF 0-1: Ball 1-1: Fly out, F9 (Flyball, 9, EV 91.9 MPH)
|
Batting: LHB Mike Rawson
|
0-0: Called Strike 0-1: Foul Ball, location: 9LSF 0-2: Ball 1-2: Ball 2-2: Ground out U3 (Groundball, 3L, EV 87.5 MPH)
|
Top of the 1st over - 0 runs, 0 hits, 0 errors, 0 left on base; University of Nebraska 0 - Oregon State University 0 |
BOTTOM OF THE 1ST |
Oregon State University Beavers batting - Pitching for University of Nebraska Cornhuskers : RHP Jorge Morales
|
Pitching: RHP Jorge Morales
|
|
Batting: RHB Rafael Ventura
|
0-0: Ball 1-0: Called Strike 1-1: Foul Ball, location: 5F 1-2: Strikes out swinging
|
Batting: LHB Brock Darby
|
0-0: Called Strike 0-1: Fly out, F8 (Flyball, 8LS, EV 77.5 MPH)
|
Batting: RHB Luis Flores
|
0-0: Foul Ball, location: 2F 0-1: Swinging Strike 0-2: Ground out 6-3 (Groundball, 6S, EV 73.1 MPH)
|
Bottom of the 1st over - 0 runs, 0 hits, 0 errors, 0 left on base; University of Nebraska 0 - Oregon State University 0 |
TOP OF THE 2ND |
University of Nebraska Cornhuskers batting - Pitching for Oregon State University Beavers : RHP Takao Yamada
|
Batting: RHB Matt Peters
|
0-0: Ball 1-0: Foul Ball, location: 5FF 1-1: Ground out 6-3 (Groundball, 6, EV 88.1 MPH)
|
Batting: SHB Andy Henn
|
0-0: Ball 1-0: Ball 2-0: Called Strike 2-1: Foul Ball, location: 3F 2-2: Strikes out swinging
|
Batting: RHB Danny Forbes
|
0-0: Ball 1-0: Called Strike 1-1: Ball 2-1: Foul Ball, location: 3F 2-2: SINGLE (Line Drive, 89M, EV 91.3 MPH)
|
Batting: RHB Tariq Garane
|
0-0: Ball 1-0: Ball 2-0: Called Strike 2-1: Foul Ball, location: 9LSF 2-2: Ball 3-2: Strikes out swinging
|
Top of the 2nd over - 0 runs, 1 hit, 0 errors, 1 left on base; University of Nebraska 0 - Oregon State University 0 |
BOTTOM OF THE 2ND |
Oregon State University Beavers batting - Pitching for University of Nebraska Cornhuskers : RHP Jorge Morales
|
Batting: LHB Pablo Fraga
|
0-0: Ball 1-0: Foul Ball, location: 3SF 1-1: Foul Ball, location: 7LDF 1-2: Ball 2-2: Strikes out looking
|
Batting: RHB Marco Favela
|
0-0: Called Strike 0-1: Foul Ball, location: 3F 0-2: Ball 1-2: Ball 2-2: Ball 3-2: Strikes out swinging
|
Batting: LHB Jon Hamilton
|
0-0: Swinging Strike 0-1: Ball 1-1: Ball 2-1: Ground out 4-3 (Groundball, 4, EV 82.5 MPH)
|
Bottom of the 2nd over - 0 runs, 0 hits, 0 errors, 0 left on base; University of Nebraska 0 - Oregon State University 0 |
TOP OF THE 3RD |
University of Nebraska Cornhuskers batting - Pitching for Oregon State University Beavers : RHP Takao Yamada
|
Batting: RHB Alex Garcia
|
0-0: Called Strike 0-1: Ball 1-1: SINGLE (Line Drive, 78S, EV 105.0 MPH)
|
Batting: LHB Kevin Brannon
|
0-0: Ball Alex Garcia steals 2nd base 1-0: Called Strike 1-1: Called Strike 1-2: Strikes out swinging
|
Batting: SHB Gary Luckwell
|
0-0: Foul Ball, location: 3F 0-1: Foul Ball, location: 25FF 0-2: Strikes out swinging
|
Batting: RHB Carlos Salazar
|
0-0: Ball 1-0: Ball 2-0: Ball 3-0: Base on Balls
|
Batting: LHB Mike Rawson
|
0-0: Ball 1-0: Fly out, F9 (Flyball, 89M, EV 91.9 MPH)
|
Top of the 3rd over - 0 runs, 1 hit, 0 errors, 2 left on base; University of Nebraska 0 - Oregon State University 0 |
BOTTOM OF THE 3RD |
Oregon State University Beavers batting - Pitching for University of Nebraska Cornhuskers : RHP Jorge Morales
|
Batting: SHB Eric Robertson
|
0-0: Ball 1-0: Ball 2-0: Called Strike 2-1: Foul Ball, location: 5F 2-2: Hit by Pitch
|
Batting: LHB Jason Trevarrow
|
0-0: Ball 1-0: Ball 2-0: Ball 3-0: Called Strike 3-1: Fly out, F9 (Flyball, 9S, EV 99.4 MPH)
|
Batting: RHB Kali Kartosuwiryo
|
0-0: Ball 1-0: Ball Eric Robertson is caught stealing 2nd base 2-4 2-0: Called Strike 2-1: Foul Ball, location: 2F 2-2: Fly out, F9 (Flyball, 9S, EV 101.9 MPH)
|
Bottom of the 3rd over - 0 runs, 0 hits, 0 errors, 0 left on base; University of Nebraska 0 - Oregon State University 0 |
TOP OF THE 4TH |
University of Nebraska Cornhuskers batting - Pitching for Oregon State University Beavers : RHP Takao Yamada
|
Batting: RHB Matt Peters
|
0-0: Ball 1-0: Ball 2-0: Called Strike 2-1: Fly out, F9 (Flyball, 89S, EV 88.1 MPH)
|
Batting: SHB Andy Henn
|
0-0: Ball 1-0: TRIPLE (Line Drive, 89XD, EV 105.6 MPH)
|
Batting: RHB Danny Forbes
|
0-0: Called Strike 0-1: Foul Ball, location: 9LSF 0-2: Strikes out swinging
|
Batting: RHB Tariq Garane
|
0-0: Ground out 1-3 (Groundball, 34S, EV 64.4 MPH)
|
Top of the 4th over - 0 runs, 1 hit, 0 errors, 1 left on base; University of Nebraska 0 - Oregon State University 0 |
BOTTOM OF THE 4TH |
Oregon State University Beavers batting - Pitching for University of Nebraska Cornhuskers : RHP Jorge Morales
|
Batting: RHB Rafael Ventura
|
0-0: Called Strike 0-1: Called Strike 0-2: Strikes out swinging
|
Batting: LHB Brock Darby
|
0-0: Swinging Strike 0-1: Ball 1-1: Ball 2-1: Foul Ball, location: 2F 2-2: Strikes out swinging
|
Batting: RHB Luis Flores
|
0-0: Ball 1-0: Foul Ball, location: 2F 1-1: Foul Ball, location: 2F 1-2: Ball 2-2: Ball 3-2: Base on Balls
|
Batting: LHB Pablo Fraga
|
0-0: Ball 1-0: Ball 2-0: Called Strike 2-1: Ball 3-1: Foul Ball, location: 2F 3-2: Strikes out swinging
|
Bottom of the 4th over - 0 runs, 0 hits, 0 errors, 1 left on base; University of Nebraska 0 - Oregon State University 0 |
TOP OF THE 5TH |
University of Nebraska Cornhuskers batting - Pitching for Oregon State University Beavers : RHP Takao Yamada
|
Batting: RHB Alex Garcia
|
0-0: Ball 1-0: Swinging Strike 1-1: Ball 2-1: Ball 3-1: Fly out, F8 (Flyball, 8RD, EV 107.5 MPH)
|
Batting: LHB Kevin Brannon
|
0-0: Ball 1-0: Swinging Strike 1-1: Swinging Strike 1-2: Ball 2-2: Ball 3-2: Foul Ball, location: 3DF 3-2: Strikes out swinging
|
Batting: SHB Gary Luckwell
|
0-0: Swinging Strike 0-1: Fly out, F7 (Line Drive, 7LM, EV 100.0 MPH)
|
Top of the 5th over - 0 runs, 0 hits, 0 errors, 0 left on base; University of Nebraska 0 - Oregon State University 0 |
BOTTOM OF THE 5TH |
Oregon State University Beavers batting - Pitching for University of Nebraska Cornhuskers : RHP Jorge Morales
|
Batting: RHB Marco Favela
|
0-0: Ball 1-0: Ball 2-0: Foul Ball, location: 9LMF 2-1: Foul Ball, location: 9LDF 2-2: Ball 3-2: Fly out, F8 (Flyball, 8LD, EV 103.1 MPH)
|
Batting: LHB Jon Hamilton
|
0-0: Swinging Strike 0-1: Foul Ball, location: 7LMF 0-2: Foul Ball, location: 2F 0-2: Strikes out looking
|
Batting: SHB Eric Robertson
|
0-0: Ball 1-0: Ball 2-0: Called Strike 2-1: Foul Ball, location: 5FF 2-2: Ball 3-2: Ground out 5-3 (Groundball, 56, EV 98.8 MPH)
|
Bottom of the 5th over - 0 runs, 0 hits, 0 errors, 0 left on base; University of Nebraska 0 - Oregon State University 0 |
TOP OF THE 6TH |
University of Nebraska Cornhuskers batting - Pitching for Oregon State University Beavers : RHP Takao Yamada
|
Batting: RHB Carlos Salazar
|
0-0: Foul Ball, location: 2F 0-1: Swinging Strike 0-2: Ball 1-2: Strikes out looking
|
Pitching: RHP Rob Carson
|
|
Batting: LHB Mike Rawson
|
0-0: Called Strike 0-1: Ball 1-1: Foul Ball, location: 7LMF 1-2: Ball 2-2: Foul Ball, location: 5DF 2-2: Strikes out looking
|
Batting: RHB Matt Peters
|
0-0: Ball 1-0: Called Strike 1-1: SINGLE (Groundball, 4M, EV 101.9 MPH) (infield hit)
|
Batting: SHB Andy Henn
|
0-0: Called Strike 0-1: Ball 1-1: Ball Wild Pitch! Matt Peters to second 2-1: Foul Ball, location: 25F 2-2: Strikes out looking
|
Top of the 6th over - 0 runs, 1 hit, 0 errors, 1 left on base; University of Nebraska 0 - Oregon State University 0 |
BOTTOM OF THE 6TH |
Oregon State University Beavers batting - Pitching for University of Nebraska Cornhuskers : RHP Jorge Morales
|
Pitching: RHP Greg Huebner
|
|
Batting: LHB Jason Trevarrow
|
0-0: Ball 1-0: Swinging Strike 1-1: Ball 2-1: Ball 3-1: Base on Balls
|
Batting: RHB Kali Kartosuwiryo
|
0-0: Ball 1-0: Sac Bunt to 2R - play at first, batter OUT! 2-3 Jason Trevarrow to second
|
Batting: RHB Rafael Ventura
|
0-0: Ball 1-0: Called Strike 1-1: Ball 2-1: Swinging Strike 2-2: Fly out, F5 (Popup, 25, EV 85.0 MPH)
|
Batting: LHB Brock Darby
|
0-0: Called Strike 0-1: Ground out U3 (Groundball, 3, EV 103.8 MPH)
|
Bottom of the 6th over - 0 runs, 0 hits, 0 errors, 1 left on base; University of Nebraska 0 - Oregon State University 0 |
TOP OF THE 7TH |
University of Nebraska Cornhuskers batting - Pitching for Oregon State University Beavers : RHP Rob Carson
|
Pinch Hitting: LHB Bob Appleby
|
0-0: Foul Ball, location: 5F 0-1: Foul Ball, location: 7LMF 0-2: SINGLE (Line Drive, 7S, EV 98.8 MPH)
|
Batting: RHB Tariq Garane
|
0-0: Called Strike Bob Appleby is caught stealing 2nd base 2-4 0-1: Foul Ball, location: 5F 0-2: Ground out U3 (Groundball, 3S, EV 88.1 MPH)
|
Batting: RHB Mario Lopec
|
0-0: Ball 1-0: Called Strike 1-1: TRIPLE (Line Drive, 78XD, EV 105.6 MPH)
|
Batting: LHB Kevin Brannon
|
0-0: Called Strike 0-1: Called Strike 0-2: Foul Ball, location: 2F 0-2: Ground out 6-3 (Groundball, 6M, EV 75.6 MPH)
|
Top of the 7th over - 0 runs, 2 hits, 0 errors, 1 left on base; University of Nebraska 0 - Oregon State University 0 |
BOTTOM OF THE 7TH |
Oregon State University Beavers batting - Pitching for University of Nebraska Cornhuskers : RHP Greg Huebner
|
Now at 3B: Bob Appleby
|
|
Batting: RHB Luis Flores
|
0-0: Called Strike 0-1: Ball 1-1: Ball 2-1: Ball 3-1: Base on Balls
|
Pitching: LHP Peter Parker
|
|
Batting: LHB Pablo Fraga
|
0-0: Called Strike 0-1: Fly out, F8 (Flyball, 8LD, EV 93.1 MPH)
|
Pitching: RHP Tony Perez
|
|
Batting: RHB Marco Favela
|
0-0: Ball 1-0: Foul Ball, location: 3SF 1-1: Fly out, F9 (Flyball, 9D, EV 103.8 MPH)
|
Batting: LHB Jon Hamilton
|
0-0: Ball 1-0: Ball Luis Flores is caught stealing 2nd base 2-6
|
Bottom of the 7th over - 0 runs, 0 hits, 0 errors, 0 left on base; University of Nebraska 0 - Oregon State University 0 |
TOP OF THE 8TH |
University of Nebraska Cornhuskers batting - Pitching for Oregon State University Beavers : RHP Rob Carson
|
Batting: SHB Gary Luckwell
|
0-0: TRIPLE (Flyball, 89XD, EV 90.6 MPH)
|
Batting: RHB Carlos Salazar
|
0-0: Ball 1-0: Ball 2-0: Ball 3-0: Base on Balls
|
Batting: LHB Mike Rawson
|
0-0: Ball 1-0: Ball Carlos Salazar steals 2nd base 2-0: Foul Ball, location: 7LMF 2-1: Called Strike 2-2: DOUBLE (Line Drive, 78M, EV 95.0 MPH) Gary Luckwell scores Carlos Salazar scores
|
Batting: RHB Matt Peters
|
0-0: Foul Ball, location: 2F 0-1: Ball 1-1: Ball 2-1: Ball 3-1: Base on Balls
|
Batting: SHB Andy Henn
|
0-0: Called Strike 0-1: Ball 1-1: Ball 2-1: Swinging Strike 2-2: Ball 3-2: Fly out, F8 (Flyball, 8RD, EV 99.4 MPH) Runner from 2nd tags up, SAFE at 3rd with throw by CF
|
Batting: LHB Bob Appleby
|
0-0: Called Strike 0-1: Foul Ball, location: 25F 0-2: Foul Ball, location: 2F 0-2: Strikes out looking
|
Pitching: RHP Henry DePetrillo
|
|
Batting: RHB Tariq Garane
|
0-0: Ball 1-0: Foul Ball, location: 5F 1-1: Called Strike 1-2: Ball 2-2: Foul Ball, location: 5F 2-2: Ball 3-2: Fly out, F7 (Flyball, 7S, EV 80.6 MPH)
|
Top of the 8th over - 2 runs, 2 hits, 0 errors, 2 left on base; University of Nebraska 2 - Oregon State University 0 |
BOTTOM OF THE 8TH |
Oregon State University Beavers batting - Pitching for University of Nebraska Cornhuskers : RHP Tony Perez
|
Batting: LHB Jon Hamilton
|
0-0: Foul Ball, location: 3F 0-1: Ball 1-1: Ball 2-1: Ground out 6-3 (Groundball, 6, EV 90.6 MPH)
|
Batting: SHB Eric Robertson
|
0-0: Called Strike 0-1: Ball 1-1: Called Strike 1-2: Ball 2-2: Ball 3-2: Fly out, F7 (Flyball, 7LSF, EV 88.8 MPH)
|
Batting: LHB Jason Trevarrow
|
0-0: Called Strike 0-1: Foul Ball, location: 2F 0-2: Strikes out swinging
|
Bottom of the 8th over - 0 runs, 0 hits, 0 errors, 0 left on base; University of Nebraska 2 - Oregon State University 0 |
TOP OF THE 9TH |
University of Nebraska Cornhuskers batting - Pitching for Oregon State University Beavers : RHP Henry DePetrillo
|
Batting: RHB Mario Lopec
|
0-0: Ball 1-0: Foul Ball, location: 9LDF 1-1: Called Strike 1-2: Ball 2-2: Ball 3-2: SINGLE (Groundball, 34D, EV 101.9 MPH)
|
Batting: LHB Kevin Brannon
|
0-0: Ball Mario Lopec is caught stealing 2nd base 2-6 1-0: Foul Ball, location: 2F 1-1: Foul Ball, location: 2F 1-2: Ball 2-2: Fly out, F8 (Flyball, 78M, EV 86.3 MPH)
|
Batting: SHB Gary Luckwell
|
0-0: Foul Ball, location: 7LMF 0-1: Foul Ball, location: 2F 0-2: Ball 1-2: Foul Ball, location: 2F 1-2: Foul Ball, location: 2F 1-2: Ball 2-2: Ball 3-2: Foul Ball, location: 3F 3-2: Strikes out swinging
|
Top of the 9th over - 0 runs, 1 hit, 0 errors, 0 left on base; University of Nebraska 2 - Oregon State University 0 |
BOTTOM OF THE 9TH |
Oregon State University Beavers batting - Pitching for University of Nebraska Cornhuskers : RHP Tony Perez
|
Pitching: RHP Harry Harper
|
|
Pinch Hitting: SHB Jim Chute
|
0-0: Ball 1-0: Called Strike 1-1: Foul Ball, location: 2F 1-2: Strikes out looking
|
Batting: RHB Rafael Ventura
|
0-0: Called Strike 0-1: Ball 1-1: Ball 2-1: Fly out, F9 (Flyball, 9, EV 95.6 MPH)
|
Batting: LHB Brock Darby
|
0-0: Called Strike 0-1: Fly out, F9 (Flyball, 9LS, EV 76.9 MPH)
|
Bottom of the 9th over - 0 runs, 0 hits, 0 errors, 0 left on base; University of Nebraska 2 - Oregon State University 0 |
|